 Dungeon Crawl Stone Soup version 0.17-a0-2099-g910b1c6 (webtiles) character file.

924 Kromin the Basher (level 7, -7/46 HPs)
             Began as a Demonspawn Berserker on Oct 18, 2015.
             Was an Elder of Trog.
             Mangled by Menkaure (17 damage)
             ... on level 5 of the Dungeon.
             The game lasted 00:13:03 (5550 turns).

Kromin the Basher (Demonspawn Berserker)            Turns: 5550, Time: 00:13:03

Health: -7/46      AC: 12    Str: 19      XL:     7   Next: 84%
Magic:  7/7        EV:  6    Int:  7 (8)  God:    Trog [****..]
Gold:   315        SH:  0    Dex: 11      Spells: 0 memorised, 6 levels left

rFire  . . .     SeeInvis .     a - +0 mace
rCold  + + +     Clarity  .     e - +0 plate armour
rNeg   . . .     SustAt   .     (no shield)
rPois  +         Gourm    .     (no helmet)
rElec  +         Spirit   .     (no cloak)
rCorr  +         Warding  .     (no gloves)
rMut   .         Stasis   .     (no boots)
MR     .....                    (no amulet)
Stlth  ..........               A - ring of the Scarab {Wiz rC+}
                                d - ring of ice

@: resistant, flying, invisible, not resistant to hostile enchantments,
extremely unstealthy
A: claws 2, yellow scales 1, clumsy 1, frail 1, poison resistance, rot immunity
a: Burn Spellbooks, Berserk, Trog's Hand, Brothers in Arms, Renounce Religion


You were on level 5 of the Dungeon.
You worshipped Trog.
Trog was greatly pleased with you.
You were not hungry.

You visited 1 branch of the dungeon, and saw 5 of its levels.

You collected 315 gold pieces.

Inventory:

Hand Weapons
 a - a +0 mace (weapon)
Missiles
 E - 6 poisoned javelins (quivered)
Armour
 e - a +0 plate armour (worn)
Jewellery
 b - a +3 ring of intelligence
 d - a ring of ice (left claw)
 s - an uncursed ring of protection from fire
 w - an uncursed ring of positive energy
 y - an uncursed ring of wizardry
 A - the ring of the Scarab (right claw) {Wiz rC+}
   (You found it on level 5 of the Dungeon)

   [ring of wizardry]

   It improves your spell success rate.
   It protects you from cold.
Wands
 D - a wand of paralysis (5)
Scrolls
 f - a scroll of noise {unknown}
 i - a scroll of random uselessness {unknown}
 j - 9 scrolls of identify {unknown}
 l - 4 scrolls of amnesia {unknown}
 o - 6 scrolls of teleportation {unknown}
 p - 2 scrolls of fog {unknown}
 t - a scroll of recharging {unknown}
 u - a scroll of enchant weapon {unknown}
 x - a scroll of remove curse {unknown}
Potions
 g - a potion of mutation
 h - a potion of degeneration
 m - a potion of curing
 n - 2 potions of flight
 r - a potion of poison
 B - 3 potions of lignification {unknown}
 C - a potion of cancellation {unknown}
Comestibles
 c - 4 bread rations
 k - 5 meat rations
 z - 3 fruits
 F - a chunk of flesh


   Skills:
 - Level 3.2 Fighting
 + Level 8.6 Maces & Flails
 - Level 1.7 Armour
 - Level 1.7 Dodging


You had 6 spell levels left.
You didn't know any spells.

Dungeon Overview and Level Annotations

Branches:
Dungeon (5/15)
 Temple: D:4-7

Altars:
Ashenzari
Dithmenos
Sif Muna
Zin

Annotations:
D:5 Menkaure


Innate Abilities, Weirdness & Mutations

You have very sharp fingernails.
You are partially covered in yellow scales (AC +2).
You are immune to rotting.
You are clumsy. (Dex -2)
You are frail (-10% HP).
Your system is resistant to poisons.


Message History

You feel dopey. Menkaure hits you.
* * * LOW HITPOINT WARNING * * *
Drink which item? (? for menu, Esc to quit)
It was a potion of flight.
You feel very buoyant.
You fly up into the air.
Menkaure calls on the powers of darkness!
You feel a surge of unholy energy.
Drink which item? (? for menu, Esc to quit)
It was a potion of curing.
You feel better. Menkaure hits you but does no damage.
Drink which item? (? for menu, Esc to quit)
It was a potion of poison.
You feel slightly nauseous. Menkaure closely misses you.
Menkaure hits you but does no damage.
Drink which item? (? for menu, Esc to quit)
It was a potion of invisibility.
You fade into invisibility!
Menkaure hits you!
You die...

#......#####..#####
#.........)...#####
#.......+.....##...
#.......#....###...
#.......#....# #...
#####....##'## #...
#######.##.#######
#...# #.##.#.....#
#@#.###.##.#.###.#
#M#.....##.#...#.#
#.########...#.#.#
#.........#.##.#.#
######....#....#.#
#.....######..
#..[.## ### #....#
#....#


You could see Menkaure.

Vanquished Creatures
  Grinder (D:4)
  Sigmund (D:4)
  3 scorpions
  2 orc wizards (D:5)
  2 worker ants
  Natasha (thrice) (D:4)
  Robin (D:4)
  6 adders
  4 gnolls (D:5)
  A shadow imp (D:5)
  An adder zombie (D:5)
  An ooze (D:5)
  2 adder skeletons (D:4)
  5 worms
  4 giant geckos
  12 orcs
  9 bats
  2 giant cockroaches
  15 goblins
  12 hobgoblins
  13 jackals
  8 kobolds
  A quokka (D:5)
  A ball python (D:1)
  A giant gecko skeleton (D:4)
  2 giant gecko zombies (D:5)
  8 giant newts
  2 jackal skeletons
  7 rats
130 creatures vanquished.

Notes
Turn   | Place    | Note
--------------------------------------------------------------
     0 | D:1      | Kromin the Demonspawn Berserker began the quest for the Orb.
     0 | D:1      | Reached XP level 1. HP: 18/18 MP: 1/1
   254 | D:1      | Gained mutation: You have sharp fingernails. [demonic ancestry]
   254 | D:1      | Reached XP level 2. HP: 22/24 MP: 2/2
   723 | D:1      | Reached ** piety under Trog
   923 | D:1      | Reached XP level 3. HP: 25/29 MP: 3/3
  1375 | D:2      | Found a faded altar to an unknown god.
  1501 | D:2      | Reached skill level 4 in Maces & Flails
  1868 | D:3      | Found a shadowy altar of Dithmenos.
  1944 | D:3      | Gained mutation: You are partially covered in yellow scales (AC +2). [demonic ancestry]
  1944 | D:3      | Reached XP level 4. HP: 15/35 MP: 4/4
  2345 | D:3      | Reached *** piety under Trog
  2569 | D:3      | Found a glowing silver altar of Zin.
  2700 | D:4      | Noticed Robin
  2727 | D:4      | Killed Robin
  2778 | D:4      | Reached skill level 5 in Maces & Flails
  2778 | D:4      | Reached XP level 5. HP: 29/41 MP: 5/5
  3229 | D:4      | Noticed Natasha
  3241 | D:4      | Killed Natasha
  3494 | D:4      | Noticed Grinder
  3511 | D:4      | Paralysed by Grinder for 4 turns
  3612 | D:4      | Killed Grinder
  3612 | D:4      | Reached skill level 6 in Maces & Flails
  3612 | D:4      | Gained mutation: You have very sharp fingernails. [demonic ancestry]
  3612 | D:4      | Reached XP level 6. HP: 29/47 MP: 6/6
  3794 | D:4      | Reached skill level 7 in Maces & Flails
  3831 | D:4      | Noticed Sigmund
  3853 | D:4      | Killed Sigmund
  3853 | D:4      | Gained mutation: You are immune to rotting. [demonic ancestry]
  3853 | D:4      | Reached XP level 7. HP: 42/52 MP: 7/7
  3896 | D:4      | Noticed Natasha
  3902 | D:4      | Killed Natasha
  3907 | D:4      | Found a shattered altar of Ashenzari.
  4020 | D:4      | Noticed Natasha
  4029 | D:4      | Killed Natasha
  4121 | D:5      | Entered Level 5 of the Dungeon
  4124 | D:5      | Reached **** piety under Trog
  4305 | D:5      | Reached skill level 8 in Maces & Flails
  4826 | D:5      | Got a pitted ivory ring
  4984 | D:5      | Received a gift from Trog
  5288 | D:5      | Identified the ring of the Scarab {Wiz rC+} (You found it on level 5 of the Dungeon)
  5396 | D:5      | Found a deep blue altar of Sif Muna.
  5535 | D:5      | Noticed Menkaure
  5544 | D:5      | HP: 2/52 [Menkaure (10)]
  5545 | D:5      | Gained mutation: Your system is resistant to poisons. [potion of mutation]
  5545 | D:5      | Gained mutation: You are frail (-10% HP). [potion of mutation]
  5545 | D:5      | Gained mutation: You are clumsy. (Dex -2) [potion of mutation]
  5550 | D:5      | Mangled by Menkaure

Vault maps used:
D:1:      dpeg_arrival_three_same_balls, amethyst_killhole,
          hangedman_decor_growths
D:2:      ecumenical_altar_1
D:3:      nicolae_overflow_crystal_walls, first_bread, serial_corexii_hall,
          corexii_hall_statues_l, corexii_hall_statues_i,
          nicolae_dithmenos_through_a_glass_darkly
D:4:      nicolae_overflow_hidden_temple, minivault_4, serial_bayou_pond_d,
          uniq_sigmund, uniq_natasha, uniq_grinder, uniq_robin
D:5:      vehumet_statue, lemuel_blue_sif_altar, minmay_misc_feat_room,
          kennysheep_generic_room_7, uniq_menkaure

Action                   |  1- 3 |  4- 6 |  7- 9 || total
-------------------------+-------+-------+-------++-------
Melee: Mace              |   202 |   239 |   193 ||   634
  Use: Potion            |       |     1 |     7 ||     8
  Eat: Chunk             |     3 |     6 |     3 ||    12
       Beef jerky        |       |     1 |       ||     1
       Fruit             |       |       |     1 ||     1
       Pizza             |       |       |     1 ||     1
